Map: District de Néokirk EC (Void)

Players

iheartEDM (EJK) - Winner!

  • Race: Terran Terran
  • League: Grandmaster
  • Spawn Location: 7:00

CTO301

  • Race: Zerg Zerg
  • League: Grandmaster
  • Spawn Location: 5:00

VOD

Have the link to the VOD?

Description

Time

  • Played on: Dec. 17, 2016, 11:30 a.m.
  • Length: 16:23
Show
View Real Time Build Order
Export as new Build Order

iheartEDM Terran - Winner!

Build Orders: Reaper Expand, Hellion Banshee, Mech 

Get SALT Encoding   

  12  0:00  SCV  
  13  0:12  SCV  
  14  0:18  Supply Depot  
  14  0:24  SCV  
  15  0:29  Refinery  
  15  0:39  SCV  
  16  0:46  Barracks  
  16  0:51  SCV  
  17  1:03  SCV  
  18  1:16  SCV  
  19  1:33  Reaper, Orbital Command  
  20  1:45  Command Center  
  20  1:56  Factory  
  20  2:00  SCV  
  21  2:06  Barracks Reactor  
  21  2:11  Refinery  
  21  2:12  SCV  
  22  2:24  SCV  
  22  2:26  Supply Depot  
  23  2:48  SCV  
  24  2:56  Starport  
  28  2:59  Orbital Command  
  28  3:00  SCV, Cyclone  
  28  3:01  Hellion  
  28  3:04  Barracks Tech Lab  
  30  3:12  SCV  
  31  3:22  Cyclone  
  31  3:25  SCV x2  
  36  3:33  Hellion  
  38  3:38  SCV  
  38  3:39  SCV  
  32  3:41  Viking  
  40  3:42  Supply Depot  
  42  3:51  SCV x2  
  44  4:03  SCV x2  
  46  4:10  Command Center  
  46  4:13  Supply Depot  
  46  4:15  SCV x2  
  47  4:21  Hellion x2  
  51  4:27  SCV x2  
  51  4:28  Cloaking Field  
  53  4:34  Banshee  
  56  4:40  Supply Depot  
  56  4:42  Hellion x2  
  60  4:47  SCV x2  
  62  5:02  SCV x2  
  62  5:03  Hellion, Cyclone, Refinery  
  62  5:04  Refinery  
  62  5:06  Supply Depot  
  69  5:09  Supply Depot  
  69  5:14  SCV  
  70  5:19  Factory  
  70  5:21  Banshee  
  70  5:22  SCV  
  70  5:28  SCV, Orbital Command  
  75  5:32  Hellion, Barracks Reactor  
  77  5:36  Hellion  
  77  5:37  SCV  
  77  5:40  SCV  
  77  5:41  Armory  
  81  5:45  Supply Depot  
  81  5:49  SCV  
  82  5:52  SCV  
  83  5:59  Hellion x2  
  83  6:01  SCV  
  88  6:04  SCV  
  88  6:06  Orbital Command  
  88  6:08  Supply Depot  
  88  6:09  Supply Depot  
  89  6:13  SCV  
  90  6:18  SCV  
  90  6:19  Factory  
  90  6:24  Barracks Reactor, Liberator x2, Infernal Pre-Igniter  
  90  6:25  SCV, Engineering Bay  
  92  6:27  Refinery  
  92  6:33  SCV x2  
  92  6:35  Siege Tank  
  92  6:37  SCV, Refinery  
  98  6:45  SCV  
  98  6:46  SCV  
  106  6:47  Terran Vehicle Weapons Level 1  
  106  6:53  SCV  
  107  6:57  SCV  
  107  6:58  SCV  
  109  7:03  Supply Depot  
  109  7:04  Supply Depot  
  109  7:05  Missile Turret  
  109  7:13  Cyclone x2  
  109  7:14  Cyclone  
  109  7:15  SCV x3, Hellion x2, Liberator x2  
  125  7:26  Supply Depot  
  125  7:27  Supply Depot  
  125  7:32  Supply Depot  
  125  7:35  SCV x3  
  134  7:39  Hellion x11  
  134  7:43  Command Center  
  134  7:48  Hellion x3  
  134  7:49  Hellion x2  
  144  7:58  SCV x2, Liberator x2  
  140  8:05  Barracks Tech Lab  
  140  8:11  Fusion Core  
  140  8:12  Starport  
  140  8:15  Hellion x5  
  156  8:20  Supply Depot  
  156  8:22  Supply Depot  
  156  8:39  SCV x2  
  156  8:40  SCV  
  130  8:45  Siege Tank  
  130  8:46  Hellion x3  
  130  8:47  Hellion  
  108  8:51  SCV x2  
  108  8:52  SCV  
  96  8:56  Liberator x2  
  85  9:03  SCV x2  
  85  9:04  SCV  
  80  9:12  Liberator  
  80  9:15  SCV  
  80  9:16  SCV x2  
  86  9:17  Siege Tank, Hellion x2, Advanced Ballistics  
  86  9:18  Hellion x2  
  97  9:26  Missile Turret  
  97  9:28  SCV  
  98  9:39  Hellion x4  
  98  9:40  Liberator x2  
  104  9:46  Terran Vehicle Weapons Level 2  
  104  9:47  Supply Depot  
  104  9:49  Siege Tank  
  104  9:50  Armory  
  107  9:55  Liberator  
  107  9:57  Sensor Tower  
  113  10:00  Hellion x4  
  124  10:18  Missile Turret x2  
  124  10:19  Missile Turret  
  122  10:21  Hellion x3  
  122  10:22  Hellion, Missile Turret x2  
  122  10:23  Liberator x2  
  130  10:29  Missile Turret  
  130  10:33  Missile Turret  
  129  10:38  Liberator  
  134  10:44  Thor  
  134  10:45  Hellion x2  
  134  10:46  Hellion  
  143  10:54  Hellion  
  139  11:06  Liberator  
  133  11:13  Planetary Fortress  
  133  11:15  SCV, Refinery  
  133  11:16  SCV x2  
  133  11:17  Refinery  
  134  11:21  Barracks Tech Lab  
  137  11:28  SCV x3  
  137  11:40  SCV x2  
  137  11:43  Starport Tech Lab  
  137  11:46  Sensor Tower  
  139  11:47  Cyclone x4  
  139  11:53  Liberator x2  
  139  11:55  Cyclone  
  139  11:57  SCV x3  
  100  12:13  Terran Ship Weapons Level 1  
  106  12:18  Liberator  
  106  12:19  Hellion  
  106  12:20  Hellion x3  
  114  12:23  Terran Vehicle And Ship Armor Level 1  
  114  12:27  Hellion  
  116  12:36  Liberator  
  119  12:38  Liberator  
  119  12:41  Hellion x4  
  119  12:42  Refinery  
  127  12:48  Hellion  
  135  13:02  Hellion x3, Command Center  
  141  13:06  Hellion  
  141  13:10  Hellion  
  145  13:18  Viking  
  146  13:25  Supply Depot  
  146  13:26  Supply Depot x2  
  138  13:27  Supply Depot  
  138  13:32  Cyclone x2  
  140  13:46  Hellion x2, Cyclone, Viking x2  
  125  13:59  Liberator x2  
  125  14:02  Banshee  
  128  14:04  Cyclone x2  
  128  14:08  Hellion x2  
  143  14:18  Hellion  
  139  14:29  Hellion x2, Sensor Tower  
  143  14:36  Hellion x2  
  147  14:40  Hellion  
  147  14:44  Refinery  
  149  14:49  Planetary Fortress  
  149  14:51  Hellion x2  
  149  15:03  Cyclone x2  
  149  15:04  Hellion  
  157  15:10  Liberator x2  
  157  15:12  Hellion x2  
  161  15:15  Command Center  
Show
View Real Time Build Order
Export as new Build Order

CTO301 Zerg 

Build Orders: Hatch First 

Get SALT Encoding   

  12  0:01  Drone  
  13  0:09  Drone  
  14  0:18  Overlord  
  14  0:25  Extractor, Drone  
  15  0:38  Drone  
  15  0:39  Drone  
  17  0:54  Hatchery  
  17  0:56  Drone  
  17  1:01  Drone  
  18  1:12  Extractor  
  18  1:16  Spawning Pool  
  16  1:19  Drone  
  16  1:23  Drone  
  18  1:28  Drone  
  19  1:41  Overlord  
  19  2:03  Queen  
  19  2:04  Zergling x4  
  19  2:05  Queen  
  19  2:06  Zergling x2  
  26  2:11  Drone  
  26  2:13  Metabolic Boost  
  27  2:19  Drone  
  28  2:25  Drone  
  28  2:28  Drone  
  30  2:33  Drone  
  30  2:38  Drone  
  30  2:42  Drone  
  32  2:46  Queen  
  32  2:49  Overlord  
  34  2:53  Drone  
  35  2:59  Drone  
  35  3:04  Overlord  
  36  3:10  Drone  
  37  3:13  Drone x2  
  37  3:14  Drone  
  37  3:15  Drone x3  
  43  3:21  Roach Warren  
  43  3:25  Lair  
  42  3:27  Drone  
  42  3:30  Extractor  
  42  3:31  Extractor  
  42  3:33  Drone  
  42  3:35  Drone  
  43  3:41  Drone  
  43  3:48  Drone x6  
  48  3:51  Overlord  
  49  4:03  Overlord x2  
  49  4:12  Hatchery  
  49  4:15  Drone  
  49  4:16  Roach  
  51  4:20  Queen  
  51  4:22  Overseer  
  53  4:25  Roach  
  53  4:27  Spore Crawler  
  54  4:34  Roach x2  
  54  4:35  Roach  
  54  4:38  Ravager  
  61  4:39  Roach  
  61  4:42  Roach  
  61  4:44  Roach  
  67  4:47  Overlord  
  67  4:50  Overlord  
  67  5:03  Overlord  
  67  5:04  Overlord x3  
  66  5:15  Drone  
  66  5:16  Drone x3  
  66  5:17  Drone  
  66  5:18  Drone  
  66  5:20  Drone x2  
  74  5:22  Drone  
  74  5:23  Drone x2  
  74  5:25  Drone  
  74  5:27  Drone  
  79  5:30  Drone  
  79  5:34  Drone  
  81  5:37  Extractor, Drone  
  81  5:40  Evolution Chamber  
  81  5:42  Evolution Chamber, Drone  
  80  5:50  Drone  
  80  5:51  Drone x3  
  80  5:53  Extractor  
  80  5:55  Extractor, Drone x4  
  86  5:57  Drone  
  86  5:58  Ravager  
  86  5:59  Ravager x3  
  86  6:02  Drone x2  
  93  6:04  Overlord  
  93  6:05  Overlord  
  93  6:07  Drone  
  94  6:11  Hydralisk Den  
  94  6:12  Zerg Missile Weapons Level 1  
  93  6:19  Zerg Ground Armor Level 1  
  93  6:21  Drone x2  
  93  6:25  Drone x2  
  97  6:41  Hatchery, Hydralisk  
  97  6:42  Muscular Augments, Hydralisk x3  
  97  6:44  Glial Reconstitution  
  104  6:51  Hydralisk x3  
  110  6:56  Hydralisk x2  
  110  6:58  Hydralisk  
  110  7:01  Hydralisk  
  116  7:02  Hydralisk  
  116  7:06  Hydralisk  
  116  7:07  Overlord  
  122  7:09  Overlord  
  122  7:14  Overlord x2  
  122  7:26  Hydralisk  
  122  7:27  Hydralisk x5  
  135  7:30  Ravager x3  
  135  7:33  Roach x2  
  135  7:34  Roach  
  135  7:35  Overlord  
  143  7:38  Roach  
  143  7:39  Roach  
  143  7:41  Roach  
  148  7:44  Roach  
  148  7:45  Roach  
  148  7:46  Roach  
  148  7:48  Roach  
  148  7:50  Roach  
  152  7:56  Hydralisk x2  
  152  7:57  Hydralisk  
  156  8:00  Roach  
  156  8:02  Roach  
  156  8:03  Roach  
  162  8:06  Roach  
  162  8:09  Roach  
  162  8:10  Roach  
  168  8:15  Overlord  
  168  8:16  Overlord  
  168  8:25  Spire  
  167  8:29  Extractor  
  167  8:34  Extractor  
  149  8:37  Hydralisk x4  
  149  8:40  Roach  
  142  8:43  Roach x2  
  142  8:46  Roach  
  117  8:52  Drone x3  
  90  9:15  Drone x4  
  90  9:16  Drone x6  
  90  9:17  Drone x2  
  96  9:43  Mutalisk x8  
  96  9:44  Mutalisk  
  96  9:45  Mutalisk x2  
  118  9:50  Zerg Flyer Weapons Level 1  
  118  9:51  Mutalisk  
  120  9:56  Mutalisk  
  122  10:03  Roach  
  122  10:04  Roach x6  
  136  10:07  Roach x3  
  136  10:10  Roach x2  
  136  10:11  Roach  
  148  10:14  Roach  
  148  10:17  Hydralisk x2  
  148  10:19  Roach  
  156  10:25  Overlord x2  
  156  10:27  Roach  
  158  10:29  Roach  
  160  10:39  Hydralisk x5  
  160  10:41  Roach  
  170  10:50  Roach x4  
  170  10:51  Roach x2  
  170  10:54  Overlord  
  182  11:03  Hydralisk  
  182  11:04  Hydralisk x3  
  182  11:06  Hydralisk  
  190  11:12  Hydralisk x3  
  190  11:17  Hydralisk x2  
  196  11:28  Hydralisk  
  196  11:29  Hydralisk x4  
  196  11:30  Roach  
  196  11:31  Ravager  
  196  11:32  Ravager x3  
  192  11:35  Hydralisk  
  192  11:36  Roach  
  192  11:38  Ravager  
  192  11:39  Roach  
  199  11:40  Overseer  
  199  11:46  Overlord  
  199  11:49  Ravager  
  137  12:01  Hydralisk  
  137  12:02  Hydralisk x7  
  137  12:05  Hydralisk  
  137  12:06  Hydralisk  
  130  12:09  Roach  
  130  12:10  Roach  
  130  12:12  Roach  
  134  12:18  Roach x3  
  134  12:21  Roach  
  142  12:25  Roach x2  
  142  12:27  Roach  
  148  12:35  Roach  
  148  12:36  Roach x4  
  158  12:39  Overlord  
  158  12:41  Roach  
  158  12:43  Roach  
  162  12:47  Roach x2  
  162  12:49  Roach  
  162  12:50  Ravager x4  
  173  12:51  Ravager  
  173  12:52  Ravager  
  173  12:53  Roach  
  173  12:57  Roach x2  
  180  13:01  Roach x2  
  180  13:03  Roach  
  180  13:05  Ravager  
  187  13:06  Ravager  
  187  13:08  Roach  
  187  13:09  Overseer  
  187  13:10  Roach  
  194  13:12  Roach  
  184  13:30  Hydralisk x2  
  184  13:31  Hydralisk x6  
  179  13:36  Roach x2  
  165  13:51  Hydralisk x5  
  165  13:53  Hydralisk  
  165  13:54  Hydralisk x2  
  119  13:57  Roach  
  119  14:02  Roach x2  
  124  14:03  Ravager  
  124  14:04  Ravager  
  124  14:05  Roach  
  124  14:07  Roach  
  124  14:08  Roach  
  124  14:09  Ravager  
  132  14:11  Ravager  
  132  14:13  Roach  
  132  14:15  Roach  
  131  14:27  Roach  
  131  14:28  Ravager  
  131  14:29  Ravager x2  
  136  14:31  Roach  
  136  14:36  Roach x2  
  136  14:37  Hatchery  
  143  14:45  Roach  
  143  14:46  Roach  
  143  14:48  Roach  
  143  14:50  Roach  
  146  14:56  Roach  
  146  14:57  Roach x2  
  148  15:00  Roach  
  148  15:02  Roach  
  152  15:09  Ravager x2  
  152  15:10  Ravager x2  
  152  15:11  Roach  
  152  15:12  Hydralisk  
  152  15:14  Overlord x2  
  160  15:18  Hydralisk  
  160  15:20  Hydralisk  
  164  15:25  Hydralisk x2  
  168  15:34  Hydralisk  
  168  15:35  Hydralisk x2  
  170  15:42  Hydralisk x2  
  178  15:43  Hydralisk  
  178  15:49  Hydralisk x2  
  184  15:56  Hydralisk x2  
Tags
 
Add a new tag
Caveats
  • Supply blocks, unpowered buildings, or Contaminate may cause inaccurate times.
  • Supply counts are checked every 10 seconds.